 Dungeon Crawl Stone Soup version 0.29-a0-553-g81b289dbe5 (webtiles) character file.

Game seed: 11749224733479081564

24 testman the Cutter (level 3, -1/35 HPs)
             Began as a Meteoran Wanderer on June 6, 2022.
             Slain by Terence
             ... wielding a +0 falchion
              (7 damage)
             ... on level 2 of the Dungeon.
             The game lasted 00:02:33 (504 turns).

testman the Cutter (Meteoran Wanderer)               Turns: 504, Time: 00:02:34

Health: -1/35      AC:  4    Str: 14    XL:     3   Next: 32%
Magic:  4/4        EV: 11    Int:  9    God:
Gold:   47         SH:  0    Dex: 19    Spells: 2/2 levels left

rFire   . . .      SeeInvis .   a - +3 short sword
rCold   . . .      Faith    .   (no shield)
rNeg    . . .      Spirit   .   d - +0 leather armour
rPois   .          Reflect  .   g - +0 helmet
rElec   .          Harm     .   h - scarf {repulsion}
rCorr   .          Rampage  .   (no gloves)
Will    .....                   (no boots)
Stlth   +.........              (no amulet)
HPRegen 0.11/turn               (no ring)
MPRegen 0.09/turn               (no ring)

@: glowing, repel missiles
A: sense surroundings 1, otherworldly, glowing, explore regen
a: no special abilities


You were on level 2 of the Dungeon.
You visited 1 branch of the dungeon, and saw 2 of its levels.

You collected 47 gold pieces.

Inventory:

Hand Weapons
 a - a +3 short sword (weapon)
Armour
 d - a +0 leather armour (worn)
 g - a +0 helmet (worn)
 h - a scarf of repulsion (worn)
Scrolls
 b - a scroll of silence
 e - a scroll of magic mapping {unknown}
 f - a scroll of poison {unknown}
Potions
 c - a potion of curing


   Skills:
 + Level 4.9 Fighting
 + Level 4.9 Short Blades
 - Level 1.2 Armour
 - Level 1.2 Dodging


You had 2 spell levels left.
You didn't know any spells.
Your spell library was empty.

Dungeon Overview and Level Annotations

Branches:
Dungeon (2/15)

Altars:

Annotations:
D:2 Terence


Innate Abilities, Weirdness & Mutations

You passively map a small area around you.
You are easily found by Zot.
You glow in the dark.
You regain HP and MP as you explore.


Message History

You hit Terence.
Terence is heavily wounded.
You hit Terence.
Terence is severely wounded.
Terence hits you with a +0 falchion.
You hit Terence.
Terence is severely wounded.
Terence hits you with a +0 falchion!
You closely miss Terence.
Terence is severely wounded.
Terence barely misses you.
You closely miss Terence.
Terence is severely wounded.
Terence barely misses you.
You closely miss Terence.
Terence is severely wounded.
Terence closely misses you.
You closely miss Terence.
Terence is severely wounded.
Terence hits you but does no damage.
You hit Terence.
Terence is almost dead.
Terence closely misses you.
You hit Terence but do no damage.
Terence is almost dead.
You closely miss Terence.
Terence is almost dead.
Terence barely misses you.
You closely miss Terence.
Terence is almost dead.
Terence hits you with a +0 falchion.
* * * LOW HITPOINT WARNING * * *
You closely miss Terence.
Terence is almost dead.
Terence hits you with a +0 falchion.
* * * LOW HITPOINT WARNING * * *
You hit Terence but do no damage.
Terence is almost dead.
Terence hits you with a +0 falchion!
You die...

.....≈.≈≈≈≈P≈≈≈≈≈≈...
...............≈.≈≈PPP≈≈≈≈.≈≈....
..≈≈....≈..≈≈P≈≈≈≈≈≈≈≈≈≈≈≈≈.....#
P≈≈≈≈≈≈≈≈≈≈.≈P≈≈≈≈≈≈≈≈≈≈≈.P≈...##
≈≈JP≈≈≈≈≈≈≈≈≈≈≈≈≈≈≈≈≈≈≈≈.≈.....#
≈≈≈≈≈≈≈≈≈≈P≈≈≈≈≈≈≈≈≈≈≈≈.≈.....##
≈≈≈≈≈≈≈≈P≈≈.P..≈≈.≈.P≈......###
≈.≈≈.≈≈.≈.....P@P...)......##
.†........# #...@.........##
##.#.###..# ############### #...#
###.# *,* #.###+## #......#
#......# ## #......# .# #......#


You could see Terence.

Vanquished Creatures
  2 endoplasms (D:2)
  3 giant cockroaches
  3 goblins
  A hobgoblin (D:2)
  A quokka (D:1)
  2 ball pythons
  A frilled lizard (D:2)
  7 kobolds
  A rat (D:1)
21 creatures vanquished.

Vanquished Creatures (others)
  6 plants (D:2)
6 creatures vanquished.

Grand Total: 27 creatures vanquished

Notes
Turn   | Place    | Note
-------+----------+-------------------------------------------
     0 | D:1      | testman the Meteoran Wanderer began the quest for the Orb.
     0 | D:1      | testman set off with the following items: a +3 short sword,
                  | a scroll of silence, a potion of curing, a +0 leather
                  | armour
     0 | D:1      | Reached XP level 1. HP: 22/22 MP: 2/2
    78 | D:1      | Reached XP level 2. HP: 27/28 MP: 3/3
   287 | D:2      | Reached XP level 3. HP: 34/35 MP: 4/4
   477 | D:2      | Noticed Terence
   504 | D:2      | Slain by Terence

Illustrated notes

Levels and vault maps discovered:
D:1:      dpeg_arrival_round_c, layout_loops_ring,
          dilly_ecumenical_altar_fadedgnrine, serial_shops, shop,
          nrook_mini_vaults
D:2:      layout_basic, basic_altar, grunt_ministairs_12, chequers_big_river,
          uniq_terence

Action                   || total
-------------------------++-------
Melee: Short sword       ||    70
Armor: Leather armour    ||    14
Dodge: Dodged            ||    21
       Repelled          ||     1

Table legend: (Time is in decaauts)
 A = Elapsed time spent in this place.
 B = Non-inter-level travel time spent in this place.
 C = Inter-level travel time spent in this place.
 D = Time resting spent in this place.
 E = Time spent auto-exploring this place.
 F = Levels seen in this place.
 G = Mean time per level.
                   A        B        C        D        E       F      G
               +--------+--------+--------+--------+--------+-----+--------+
         Total |    495 |    480 |     15 |      0 |    273 |   2 |  247.5 |
       Dungeon |    495 |    480 |     15 |      0 |    273 |   2 |  247.5 |
               +--------+--------+--------+--------+--------+-----+--------+

Top non-repeatable levels by time:
     D:2: 363 daAuts
     D:1: 131 daAuts
